 Dungeon Crawl Stone Soup version 0.29.1-2-gbd0b4ee654 (webtiles) character file.

Game seed: 3490768890160205716

40900 raph the Arsonist (level 13, -4/76 HPs)
             Began as a Deep Elf Fire Elementalist on Nov 21, 2022.
             Was a High Priest of Kikubaaqudgha.
             Shot with a bolt by an orc warrior (6 damage)
             ... led by an orc warlord
             ... on level 2 of the Orcish Mines.
             The game lasted 00:35:25 (24318 turns).

raph the Arsonist (Deep Elf Fire Elementalist)     Turns: 24318, Time: 00:35:25

Health: -4/76      AC: 14    Str:  7    XL:     13   Next: 77%
Magic:  23/30      EV: 17    Int: 30    God:    Kikubaaqudgha [*****.]
Gold:   759        SH:  4    Dex: 15    Spells: 3/35 levels left

rFire   + + .      SeeInvis +   b - staff of fire
rCold   x . .      Faith    .   Y - +0 buckler
rNeg    . . .      Spirit   .   L - +2 steam dragon scales
rPois   .          Reflect  .   V - +1 hat {SInv}
rElec   .          Harm     .   k - +2 cloak
rCorr   .          Rampage  .   (no gloves)
Will    +....                   H - +1 pair of boots
Stlth   ++++......              z - amulet of magic regeneration
HPRegen 0.22/turn               G - +6 ring of intelligence
MPRegen 0.62/turn               i - ring of fire

@: no status effects
A: no striking features
a: Renounce Religion, Unearth Wretches, Torment


You were on level 2 of the Orcish Mines.
You worshipped Kikubaaqudgha.
Kikubaaqudgha was extremely pleased with you.
You visited 4 branches of the dungeon, and saw 20 of its levels.
You also visited: Ossuary.

You collected 1353 gold pieces.
You spent 594 gold pieces at shops.

Inventory:

Hand Weapons
 a - the +3 great sword "Wirph" {venom, rPois rCorr}
   (You bought it in a shop on level 9 of the Dungeon)

   It poisons the flesh of those it strikes.
   rPois:     It protects you from poison.
   rCorr:     It protects you from acid and corrosion.
 F - a +5 dagger
Missiles
 d - 15 javelins
 f - 33 poisoned darts
 M - a curare-tipped dart
Armour
 k - a +2 cloak (worn)
 t - the +1 robe "Tizage" {rC+++ Str-5 SInv Archmagi}
   (You found it on level 4 of the Dungeon)

   Str:       It affects your strength (-5).
   rC:        It renders you almost immune to cold.
   SInv:      It lets you see invisible.
   Archmagi:  It increases the power of your magical spells.
 H - a +1 pair of boots (worn)
 L - +2 steam dragon scales (worn)
 P - a +0 hat of willpower
 V - a +1 hat of see invisible (worn)
 Y - a +0 buckler (worn)
Magical Staves
 b - a staff of fire (weapon)
 w - a staff of death
 O - a staff of earth
Jewellery
 i - a ring of fire (right hand)
 m - a ring of flight
 z - an amulet of magic regeneration (around neck)
 G - a +6 ring of intelligence (left hand)
 N - a ring of poison resistance
Wands
 r - a wand of acid (27)
 v - a wand of paralysis (19)
 E - a wand of flame (34)
 W - a wand of roots (3)
Scrolls
 g - 7 scrolls of teleportation
 h - 3 scrolls of magic mapping
 x - 4 scrolls of blinking
 y - 3 scrolls of enchant weapon
 B - 2 scrolls of butterflies
 D - 2 scrolls of fear
 X - a scroll of identify
Potions
 c - 6 potions of mutation
 e - 2 potions of resistance
 j - 10 potions of curing
 l - 5 potions of heal wounds
 n - a potion of lignification
 p - 3 potions of might
 q - 4 potions of brilliance
 u - 2 potions of flight
 I - a potion of cancellation
 J - 2 potions of ambrosia
 K - a potion of haste
 Q - a potion of magic
 R - 4 potions of berserk rage
 S - 3 potions of invisibility
Miscellaneous
 T - a phantom mirror (inert)


   Skills:
 + Level 7.0 Fighting
 + Level 5.2 Armour
 + Level 10.5 Dodging
 + Level 8.8 Stealth
 + Level 0.8 Shields
 + Level 11.5 Spellcasting
 * Level 12.0 Conjurations
 + Level 8.4 Necromancy
 + Level 12.1 Fire Magic
 + Level 4.0 Earth Magic


You had 3 spell levels left.
You knew the following spells:

 Your Spells              Type           Power      Damage    Failure   Level
a - Foxfire               Conj/Fire      100%       2x1d9     1%          1
b - Scorch                Fire           100%       2d10      1%          2
c - Conjure Flame         Conj/Fire      100%       6-21      1%          3
d - Inner Flame           Hex/Fire       88%        N/A       1%          3
e - Flame Wave            Conj/Fire      100%       2d21      1%          4
f - Iskenderun's Battles  Conj           74%        2d12      1%          5
g - Vampiric Draining     Necr           61%        2d10      1%          3
h - Sublimation of Blood  Necr           61%        N/A       1%          2
i - Anguish               Hex/Necr       21%        N/A       8%          4
j - Borgnjor's Vile Clut  Necr/Erth      26%        N/A       9%          5

Your spell library contained the following spells:

 Spells                   Type           Power      Damage    Failure   Level
 Necrotise                Necr           100%       1d9       1%          1
 Stone Arrow              Conj/Erth      100%       3d13      1%          3
 Apportation              Tloc           34%        N/A       4%          1
 Call Canine Familiar     Summ           17%        N/A       12%         3
 Gell's Gravitas          Tloc           17%        N/A       12%         3
 Portal Projectile        Hex/Tloc       34%        N/A       12%         3
 Teleport Other           Tloc           17%        N/A       12%         3
 Dispel Undead            Necr           61%        3d21      1%          4
 Agony                    Necr           61%        N/A       3%          5
 Animate Armour           Summ/Erth      58%        N/A       19%         4
 Leda's Liquefaction      Hex/Erth       14%        N/A       19%         4
 Death Channel            Necr           30%        N/A       21%         6
 Iron Shot                Conj/Erth      30%        9d6       22%         6
 Cause Fear               Hex            8%         N/A       38%         4
 Alistair's Intoxication  Tmut/Pois      11%        N/A       75%         5
 Simulacrum               Ice/Necr       21%        N/A       75%         6
 Spellforged Servitor     Conj/Summ      26%        N/A       96%         7
 Dispersal                Tloc           8%         N/A       99%         6
 Discord                  Hex            8%         N/A       100%        8
 Lehudib's Crystal Spear  Conj/Erth      30%        10d8      100%        8


Dungeon Overview and Level Annotations

Branches:
Dungeon (12/15)            Temple (1/1) D:7            Lair (5/5) D:10
 Shoals (0/4) Lair:3        Snake (0/4) Lair:3        Slime (0/5) Lair:4
    Orc (2/2) D:9         Ossuary (visited)
    Elf: Orc:2

Altars:
Ashenzari
Cheibriados
Dithmenos
Elyvilon
Fedhas
Gozag
Hepliaklqana
Kikubaaqudgha
Makhleb
Nemelex Xobeh
Okawaru
Qazlal
Ru
Sif Muna
Trog
Uskayaw
Vehumet
Wu Jian
Xom
Yredelemnul
Zin
The Shining One
Jiyva

Shops:
D:2 (   D:9 (

Annotations:
D:3 3 runed translucent doors, caveywoolpert's ghost, amateur DsEE; p0werm0de's ghost, weakling SpIE
D:12 Josephine; Lodul
Lair:2 1 runed translucent door, Yckirphadu's ghost, journeyman OpCj
Lair:5 Nessos


Message History

HP restored.
You start waiting.
Done waiting.
You climb downwards.
The orc warrior shoots a bolt.
The bolt completely misses you.
The orc warlord shoots a bolt.
The bolt hits you!!
There is a stone staircase leading up, spattered with blood here.
Aiming: Phantom Mirror
Press: ? - help, Dir - move target, f - orc warlord
Aim: an orc warlord, wielding a +0 arbalest and wearing a +0 chain mail of willpower You reflect the orc warlord with the mirror!
The mirror clouds!
The orc priest calls down the wrath of Beogh upon you.
Beogh smites you!
The orc warrior shoots a bolt.
The bolt misses you.
The orc warlord shoots a bolt.
The bolt misses you.
Your orc warlord unwields a +0 arbalest.
Your orc warlord wields a +0 long sword.
Your orc warlord barely misses the orc warlord.
A warg comes into view.
The warg howls!
Kikubaaqudgha calls piteous wretches from the earth!
An orc priest comes into view.
The orc warrior shoots a bolt.
The bolt barely misses you.
The orc warlord shoots a bolt.
The bolt hits you but does no damage.
Your orc warlord hits the orc warlord with a +0 long sword.
Okay, then.
Casting: Flame Wave (safe; 1% risk of failure)
Confirm with . or Enter, or press ? or * to list all spells.
Aiming: Borgnjor's Vile Clutch (dangerous; 9% risk of failure)
Press: ? - help, Shift-Dir - straight line, f/p - orc warlord
Aim: an orc warlord, wielding a +0 arbalest and wearing a +0 chain mail of willpower (lightly wounded, ally target, 100% to hit)
Zombie hands grab the orc warlord.
The zombie hands constrict the orc warlord.
The orc priest calls down the wrath of Beogh upon you.
Pain shoots through your body!
The orc warrior shoots a bolt.
The bolt hits you!!
* * * LOW HITPOINT WARNING * * *
The bolt freezes you.
You die...
Kikubaaqudgha rasps: "You have failed me!
Welcome... death!"

## ## ###### ######
#.##.###..#.##.#^..##
....................#.#
#.#....................
.......................
......................
..$.o.....h.........#
...o....@..........##
........o...........##
...[.........#.......#
...[o..................
.....o...........#.....
#.......o..............
.....#.......#.........
.$....#................
.....................


You could see an orc warlord (clutched, ally target), a warg (paralysed), an orc
sorcerer, an orc warrior, 2 orc priests and a friendly orc warlord (summoned,
drained).

Vanquished Creatures
  Gastronok (Lair:2)
  6 hydras
  5 two-headed ogres
  Urug (Lair:1)
  An orc knight (Orc:1)
  A lindwurm (Lair:4)
  2 orc sorcerers
  A cyclops (D:11)
  An ugly thing (D:11)
  2 manticores
  Maurice (Orc:1)
  3 elephants (Lair:5)
  Joseph (D:9)
  A torpor snail (Lair:3)
  A black mamba (Lair:2)
  9 cane toads
  Maggie (D:8)
  2 rime drakes (Lair:2)
  2 unseen horrors
  8 komodo dragons
  A wind drake (Lair:3)
  2 trolls
  Prince Ribbit (D:7)
  Grinder (D:5)
  2 hornets
  7 blink frogs
  2 shadows (D:11)
  2 wraiths
  A vampire (D:10)
  8 wyverns
  3 basilisks
  54 yaks
  2 steam dragons
  A vampire mosquito (D:11)
  6 wargs
  8 nagas (Lair:3)
  11 water moccasins
  8 orc warriors
  2 ice beasts (D:7)
  5 black bears
  4 wolves (D:10)
  5 centaurs
  3 phantoms
  3 kobold brigands
  3 gnoll sergeants
  3 necrophages
  10 bullfrogs
  4 scorpions
  3 wights
  3 killer bees (D:8)
  3 howler monkeys (D:8)
  2 electric eels (Lair:4)
  A centaur zombie (Ossuary)
  4 hounds
  4 orc priests
  4 jellies
  6 iguanas
  9 orc wizards
  5 mummies (Ossuary)
  4 gnolls (D:11)
  10 adders
  A shadow imp (D:6)
  5 white imps
  2 ufetubi
  2 worms
  2 dart slugs
  32 orcs
  7 bats
  7 endoplasms
  2 giant cockroaches
  10 goblins
  7 hobgoblins
  4 jackals (D:1)
  11 kobolds
  A quokka (D:1)
  8 ball pythons
  2 frilled lizards
  4 goblin zombies (Ossuary)
  2 hobgoblin zombies (Ossuary)
  An orc zombie (Ossuary)
  3 rats
  4 bushes (D:10)
387 creatures vanquished.

Vanquished Creatures (collateral kills)
  8 foxfires
8 creatures vanquished.

Vanquished Creatures (others)
  An unseen horror (D:11)
  954 foxfires
  22 fungi
  45 plants
1022 creatures vanquished.

Grand Total: 1417 creatures vanquished

Notes
Turn   | Place    | Note
-------+----------+-------------------------------------------
     0 | D:1      | raph the Deep Elf Fire Elementalist began the quest for the
                  | Orb.
     0 | D:1      | Reached XP level 1. HP: 10/10 MP: 6/6
   497 | D:1      | Reached XP level 2. HP: 15/15 MP: 5/8
   500 | D:1      | Learned a level 2 spell: Scorch
  1064 | D:1      | Reached XP level 3. HP: 16/19 MP: 6/9
  1068 | D:1      | Learned a level 3 spell: Conjure Flame
  1480 | D:1      | Found a faded altar of an unknown god.
  1732 | D:2      | Found Dinwoebinu's Weapon Boutique.
  2049 | D:2      | Reached skill level 5 in Fire Magic
  3180 | D:3      | Found a stormy altar of Qazlal.
  3367 | D:3      | Reached XP level 4. HP: 24/24 MP: 5/10
  3373 | D:3      | Learned a level 3 spell: Inner Flame
  3644 | D:3      | Found a runed translucent gate.
  3645 | D:3      | Found a runed translucent gate.
  3646 | D:3      | Found a runed translucent gate.
  3647 | D:3      | Noticed p0werm0de's ghost (weakling SpIE)
  3648 | D:3      | Noticed caveywoolpert's ghost (amateur DsEE)
  4240 | D:4      | Noticed a phantom
  4243 | D:4      | Killed a phantom
  4244 | D:4      | Reached XP level 5. HP: 28/28 MP: 6/11
  4295 | D:4      | Identified the +1 robe "Tizage" {rC+++ Str-5 SInv Archmagi}
  5102 | D:4      | Noticed a black bear
  5109 | D:4      | Killed a black bear
  5110 | D:4      | Reached XP level 6. HP: 32/32 MP: 2/12
  5436 | D:5      | Entered Level 5 of the Dungeon
  5901 | D:5      | Reached skill level 1 in Fighting
  5901 | D:5      | Reached XP level 7. HP: 38/38 MP: 9/14
  5949 | D:5      | Learned a level 4 spell: Flame Wave
  5961 | D:5      | Found an opulent altar of Gozag.
  6368 | D:5      | Noticed Grinder
  6377 | D:5      | Killed Grinder
  6596 | D:5      | Found an ornate altar of the Wu Jian Council.
  6596 | D:5      | Found a snail-covered altar of Cheibriados.
  6782 | D:6      | Reached skill level 5 in Spellcasting
  6782 | D:6      | Reached XP level 8. HP: 38/44 MP: 9/17
  7201 | D:6      | Reached skill level 5 in Dodging
  7767 | D:7      | Noticed Prince Ribbit
  7770 | D:7      | Killed Prince Ribbit
  7929 | D:7      | Found a staircase to the Ecumenical Temple.
  7941 | D:7      | Reached XP level 9. HP: 51/51 MP: 12/20
  7986 | Temple   | Entered the Ecumenical Temple
  8074 | Temple   | Became a worshipper of Kikubaaqudgha
  8156 | D:7      | Reached skill level 5 in Conjurations
  8726 | Temple   | Learned a level 5 spell: Iskenderun's Battlesphere
  8730 | Temple   | Learned a level 3 spell: Vampiric Draining
  9025 | D:7      | Reached skill level 1 in Necromancy
  9291 | D:7      | Identified the +8 war axe "Oneivyig" {protect, rN+ Int+2}
  9818 | D:7      | Found a sparkling altar of Nemelex Xobeh.
 10302 | D:8      | Found a sand-covered staircase.
 10309 | Ossuary  | Entered an ossuary
 10977 | D:8      | Reached * piety under Kikubaaqudgha
 10977 | D:8      | Received a gift from Kikubaaqudgha
 10995 | D:8      | Noticed Maggie
 11004 | D:8      | Killed Maggie
 11236 | D:8      | Reached XP level 10. HP: 58/58 MP: 16/23
 11297 | D:8      | Reached skill level 10 in Fire Magic
 12168 | D:8      | Learned a level 2 spell: Sublimation of Blood
 12288 | D:9      | Noticed Joseph
 12295 | D:9      | Killed Joseph
 12296 | D:9      | Reached skill level 1 in Armour
 12789 | D:9      | Noticed a two-headed ogre
 12802 | D:9      | Killed a two-headed ogre
 12941 | D:9      | Found Baruudif's Weapon Emporium.
 13086 | D:9      | Found a staircase to the Orcish Mines.
 13204 | D:10     | Entered Level 10 of the Dungeon
 13332 | D:10     | Noticed a two-headed ogre
 13342 | D:10     | Killed a two-headed ogre
 13343 | D:10     | Reached skill level 5 in Fighting
 13419 | D:10     | Reached XP level 11. HP: 30/63 MP: 14/25
 13849 | D:10     | Found a staircase to the Lair.
 14268 | D:10     | Found a burning altar of Makhleb.
 14438 | D:10     | Reached ** piety under Kikubaaqudgha
 14439 | D:10     | Reached skill level 5 in Necromancy
 14489 | D:10     | Found a hazy altar of Hepliaklqana.
 14503 | D:10     | Reached skill level 5 in Stealth
 14767 | D:10     | Found a shimmering altar of Xom.
 14816 | Lair:1   | Entered Level 1 of the Lair of Beasts
 14816 | Lair:1   | Noticed Urug
 14824 | D:10     | Learned a level 4 spell: Anguish
 14872 | Lair:1   | Killed Urug
 15250 | D:9      | Bought the +3 great sword "Wirph" {venom, rPois rCorr} for
                  | 594 gold pieces
 15315 | Lair:1   | Identified 2 scrolls of acquirement
 15315 | Lair:1   | Acquired a staff of death
 15470 | Lair:1   | Noticed a six-headed hydra
 15483 | Lair:1   | Killed a six-headed hydra
 15885 | Lair:1   | Acquired a staff of fire
 16011 | Lair:1   | Noticed a four-headed hydra
 16021 | Lair:1   | Killed a four-headed hydra
 16883 | Lair:2   | Found a runed translucent door.
 16886 | Lair:2   | Noticed Yckirphadu's ghost (journeyman OpCj)
 16889 | Lair:2   | Identified the +9 spear "Dragon's Peril" {vorpal, rElec rF+
                  | Will+}
 16889 | Lair:2   | Noticed a spriggan rider
 17171 | Lair:2   | Reached XP level 12. HP: 48/69 MP: 20/27
 17572 | Lair:2   | Noticed Gastronok
 17582 | Lair:2   | Killed Gastronok
 17583 | Lair:2   | Reached skill level 10 in Spellcasting
 17583 | Lair:2   | Reached skill level 10 in Conjurations
 17871 | Lair:2   | Noticed a six-headed hydra
 17879 | Lair:2   | Killed a six-headed hydra
 18380 | Lair:3   | Found a staircase to the Snake Pit.
 18422 | Lair:3   | Reached *** piety under Kikubaaqudgha
 18422 | Lair:3   | Received a gift from Kikubaaqudgha
 18473 | Lair:3   | Found a staircase to the Shoals.
 18991 | Lair:3   | Reached skill level 1 in Earth Magic
 19347 | Lair:3   | Learned a level 5 spell: Borgnjor's Vile Clutch
 19714 | Lair:4   | Found a viscous altar of Jiyva.
 19715 | Lair:4   | Found a staircase to the Slime Pits.
 20084 | Lair:4   | Reached XP level 13. HP: 75/75 MP: 18/29
 20630 | Lair:5   | Entered Level 5 of the Lair of Beasts
 20805 | Lair:5   | Reached skill level 10 in Dodging
 21055 | Lair:4   | Reached **** piety under Kikubaaqudgha
 21225 | Lair:5   | Noticed Nessos
 22333 | D:11     | Reached ***** piety under Kikubaaqudgha
 22395 | D:11     | Reached skill level 5 in Armour
 22871 | D:12     | Noticed Josephine
 22871 | D:12     | Noticed Lodul
 22984 | Orc:1    | Entered Level 1 of the Orcish Mines
 23293 | Orc:1    | Noticed Maurice
 23298 | Orc:1    | Killed Maurice
 23454 | Orc:2    | Entered Level 2 of the Orcish Mines
 23471 | Orc:2    | Noticed an orc warlord
 24318 | Orc:2    | HP: 2/76 [orc warrior/bolt[an orc warlord] (25)]
 24318 | Orc:2    | Shot with a bolt by an orc warrior

Illustrated notes

Levels and vault maps discovered:
D:1:      psy_arrival_radial01, layout_basic,
          hellmonk_ecumenical_altar_heavens_door,
          chequers_serial_rivers_small_3, chequers_decorated_corner,
          serial_park_tiny_1, nrook_campfire
D:2:      layout_loops_corners, serial_shops, nicolae_shop_bloodbath_and_beyond
D:3:      layout_basic, general_overflow_altar, gammafunk_ghost_cemetery
D:4:      layout_basic, serial_curves, eino_curves_02, eino_curves_02
D:5:      minmay_general_purpose_star, layout_rooms, grunt_gozag_statues,
          gammafunk_temple_overflow_wave, uniq_grinder
D:6:      layout_basic
D:7:      layout_layer_cave, marbit_many_paths,
          minmay_temple_entry_proselytizer, minmay_diced_spiral,
          uniq_prince_ribbit1
D:8:      layout_layer_cave, chequers_ossuary_entry_cave, uniq_maggie
D:9:      layout_basic, minmay_orc_entry_guard_dogs, serial_shops,
          nicolae_diamond_shop, uniq_joseph
D:10:     layout_loops_ring, mainiacjoe_overflow_catwalk, kennysheep_mini,
          amcnicky_altar_gilded, minmay_lair_entry_grove
D:11:     layout_roguey, minmay_joined_circles
D:12:     layout_loops_ring, nicolae_shop_fire_sale [nicolae_sub_dead_trees],
          uniq_josephine, uniq_lodul, uniq_jorgrun
Temple:   jpeg_temple_clearing
Lair:1:   layout_hall_layers, chequers_serial_rivers_room_b, uniq_urug
Lair:2:   cheibrodos_lair_river_kwai, layout_misc_corridors,
          ebering_ghost_funeral_grove, ldierk_geyser, infiniplex_staircase_pool,
          uniq_gastronok
Lair:3:   layout_roguey, minmay_shoals_entry_beasts,
          minmay_snake_entry_guardpost_large
Lair:4:   layout_regular_city, nicolae_slime_entry_slimehenge,
          grunt_megastairs_2, serial_bayou_shore_a
Lair:5:   hellmonk_lair_end_abyssal_woods, layout_cave_shapes,
          dreamdust_wasp_nest, lemuel_fruit_tree, uniq_nessos
Orc:1:    layout_caves, uniq_maurice, uniq_fannar
Orc:2:    st_orc_ogre_mass, layout_caves, gammafunk_ghost_grave, serial_shops,
          shop, nicolae_orc_crystal_geode, uniq_saint_roka, uniq_sonja

Skill      XL: |  1  2  3  4  5  6  7  8  9 10 11 12 13 |
---------------+----------------------------------------+-----
Fire Magic     | 4 5 6 7 8 9 10 11 12 | 12.1
Fighting       | 1 2 3 4 5 6 7 |  7.0
Dodging        | 3 4 5 7 8 9 10 | 10.5
Conjurations   | 2 3 4 6 8 9 11 12 | 12.0
Spellcasting   | 5 6 7 8 9 10 11 | 11.5
Necromancy     | 2 4 6 7 8 |  8.4
Armour         | 2 3 4 5 |  5.2
Stealth        | 4 6 7 8 |  8.8
Earth Magic    | 2 4 |  4.0
Shields        | |  0.8

Action                   |  1- 3 |  4- 6 |  7- 9 | 10-12 | 13-15 || total
-------------------------+-------+-------+-------+-------+-------++-------
Melee: Unarmed           |     9 |       |       |       |       ||     9
       Dagger            |     4 |     1 |     2 |     3 |       ||    10
       Great sword       |       |       |       |     1 |       ||     1
       Staff             |       |       |       |     2 |     2 ||     4
 Cast: Foxfire           |    69 |    31 |   119 |   218 |   121 ||   558
       Scorch            |    14 |    35 |    48 |    71 |    21 ||   189
       Flame Wave        |       |       |    17 |    44 |    20 ||    81
       Iskenderun's Batt |       |       |    11 |    38 |    22 ||    71
       Conjure Flame     |       |       |       |     1 |       ||     1
       Borgnjor's Vile C |       |       |       |     3 |     4 ||     7
Invok: Unearth Wretches  |       |       |       |       |     1 ||     1
Evoke: Phantom mirror    |       |       |       |       |     1 ||     1
  Use: Scroll            |     8 |     1 |     8 |    13 |     2 ||    32
       Potion            |       |       |       |       |     2 ||     2
 Stab: Sleeping          |     1 |       |       |       |       ||     1
Armor: Robe              |     8 |     5 |     8 |       |       ||    21
       Steam dragon scal |       |       |     3 |    48 |    31 ||    82
Dodge: Dodged            |    28 |     9 |    36 |   128 |    92 ||   293
Block: Buckler           |       |       |       |       |     4 ||     4
